 Dungeon Crawl Stone Soup version 0.24-a0-217-g1152973 (webtiles) character file.

Game seed: 17472370687610180959

3124 richardnixon the Nimble (level 9, -4/47 (48) HPs)
             Began as a Deep Elf Conjurer on Mar 29, 2019.
             Was a Follower of Vehumet.
             Slain by an orc warrior
             ... wielding a +0 hand axe
              (14 damage)
             ... on level 7 of the Dungeon on Mar 30, 2019.
             The game lasted 00:39:09 (9311 turns).

richardnixon the Nimble (Deep Elf Conjurer)         Turns: 9311, Time: 00:39:10

HP:   -4/47 (48)    AC:  5    Str:  5    XL:     9   Next: 60%
MP:   1/23          EV: 18    Int: 24    God:    Vehumet [*.....]
Gold: 401           SH:  0    Dex: 15    Spells: 14/24 levels left

rFire    . . .     SeeInvis .   b - +3 dagger (pain)
rCold    . . .     Gourm    .   (no shield)
rNeg     + . .     Faith    .   a - +0 robe
rPois    .         Spirit   .   t - +0 helmet
rElec    .         Reflect  .   s - +0 cloak
rCorr    .         Harm     .   f - +0 pair of gloves
MR       .....                  (no boots)
Stlth    ++........             (no amulet)
HPRegen  0.15/turn              k - ring of positive energy {rN+}
MPRegen  0.18/turn              (no ring)

@: no status effects
A: no striking features
a: Renounce Religion


You were on level 7 of the Dungeon.
You worshipped Vehumet.
Vehumet was aware of your devotion.
You were hungry.

You visited 2 branches of the dungeon, and saw 8 of its levels.

You collected 401 gold pieces.

Inventory:

Hand Weapons
 b - a +3 dagger of pain (weapon)
   (You found it on level 1 of the Dungeon)
 m - a +1 hand axe of venom
   (You found it on level 2 of the Dungeon)
 r - a +2 quarterstaff of chaos
   (You took it off Crazy Yiuf on level 3 of the Dungeon)
 A - a +2 whip of freezing
   (You took it off Pikel on level 6 of the Dungeon)
 B - a +1 short sword of draining
   (You took it off an orc on level 7 of the Dungeon)
 C - a +0 war axe of chopping
   (You took it off an orc on level 7 of the Dungeon)
Armour
 a - a +0 robe (worn)
 f - a +0 pair of gloves (worn)
   (You found it on level 1 of the Dungeon)
 s - a +0 cloak (worn)
   (You took it off Crazy Yiuf on level 3 of the Dungeon)
 t - a +0 helmet (worn)
   (You found it on level 4 of the Dungeon)
Jewellery
 i - an uncursed ring of ice {rC+, rF-}
   (You found it on level 1 of the Dungeon)
 k - a ring of positive energy (left hand) {rN+}
   (You found it on level 2 of the Dungeon)
 w - an uncursed ring of fire {rF+, rC-}
   (You found it on level 5 of the Dungeon)
Wands
 o - a wand of paralysis (16)
   (You found it on level 5 of the Dungeon)
 z - a wand of enslavement (4)
   (You found it on level 6 of the Dungeon)
 E - a wand of flame (14)
   (You took it off a kobold on level 7 of the Dungeon)
Scrolls
 l - 3 scrolls of fog
 q - a scroll of enchant weapon
 v - a scroll of remove curse
 y - 5 scrolls of teleportation
 D - a scroll of noise {unknown}
Potions
 d - 5 potions of heal wounds
 e - a potion of flight
 g - a potion of haste
 h - 2 potions of curing
 j - 4 potions of agility
 n - a potion of cancellation {unknown}
 p - a potion of lignification {unknown}
 x - a potion of mutation {!q}
Comestibles
 c - 6 rations


   Skills:
 * Level 2.0 Fighting
 - Level 8.8 Dodging
 - Level 2.4 Stealth
 - Level 8.3 Spellcasting
 - Level 8.3 Conjurations
 - Level 6.5 Hexes
 - Level 4.5 Charms
 - Level 3.0 Air Magic


You had 14 spell levels left.
You knew the following spells:

 Your Spells              Type           Power        Failure   Level  Hunger
a - Magic Dart            Conj           ####         1%          1    None
b - Dazzling Spray        Conj/Hex       #####.       1%          3    None
s - Swiftness             Chrm/Air       ####....     1%          2    None
x - Iskenderun's Mystic   Conj           #####...     1%          4    ##.....

Your spell library contained the following spells:

 Spells                   Type           Power        Failure   Level  Hunger
 Freeze                   Ice            ##..         6%          1    None
 Shock                    Conj/Air       ####         1%          1    None
 Searing Ray              Conj           #####.       1%          2    None
 Static Discharge         Conj/Air       #####...     1%          3    None
 Fulminant Prism          Conj/Hex       #####.....   3%          4    ##.....
 Force Lance              Conj/Tloc      ####....     11%         4    ##.....
 Lightning Bolt           Conj/Air       #####.....   17%         5    ####...
 Airstrike                Air            ###.......   19%         4    ##.....


Dungeon Overview and Level Annotations

Branches:
Dungeon (7/15)             Temple (1/1) D:4

Altars:
Ashenzari
Cheibriados
Dithmenos
Elyvilon
Fedhas
Gozag
Hepliaklqana
Makhleb
Nemelex Xobeh
Okawaru
Qazlal
Ru
Sif Muna
Trog
Vehumet
Wu Jian
Yredelemnul
Zin
The Shining One

Shops:
D:6 :(

Annotations:
D:7 Dowan, Duvessa


Message History

The adder skeleton moves out of view.
Aim: an adder skeleton (hasn't noticed you)
The magic dart hits the adder skeleton!
You now have 22/23 mp.
Aim: an adder skeleton (severely damaged)
The magic dart hits the adder skeleton.
You now have 21/23 mp.
Aim: an adder skeleton (almost destroyed)
The magic dart hits the adder skeleton.
You destroy the adder skeleton!
Vehumet accepts your kill.
You now have 20/23 mp.
You start resting.
Something hits the bush but does no damage. x2
You start resting.
Something hits the bush but does no damage.
You start resting.
The centaur is too close now for your liking.
You start resting.
The centaur is too close now for your liking.
An orc comes into view. It is wielding a +0 club.
Aim: a centaur (hasn't noticed you)
The spray of energy hits the centaur!
The centaur shouts!
The centaur is dazzled.
The spray of energy hits the bush but does no damage. x2
The centaur wields a +0 shortbow.
The centaur shoots an arrow.
The arrow closely misses you.
You now have 20/23 mp.
Aim: a centaur, wielding a +0 shortbow (heavily wounded, blind)
The orb of energy hits the centaur!
The centaur shoots an arrow.
The arrow closely misses you.
The centaur shoots an arrow.
The arrow hits you!
You take 11 damage, and have 36/47 hp.
MASSIVE DAMAGE!!
You now have 16/23 mp.
Aim: a centaur, wielding a +0 shortbow (almost dead, blind)
The magic dart hits the centaur.
The centaur shoots an arrow.
The arrow closely misses you.
You now have 15/23 mp.
Aim: a centaur, wielding a +0 shortbow (almost dead, blind)
The magic dart hits the centaur but does no damage.
Something hits the bush but does no damage.
You now have 14/23 mp.
You see here 2 arrows.
An orc is nearby!
You start resting.
The orc is too close now for your liking.
Aim: an orc, wielding a +0 club and wearing a +0 chain mail The magic dart hits the orc but does no damage.
You now have 14/23 mp.
You can't see any susceptible monsters within range! (Use Z to cast anyway.)
You see here 2 arrows.
Aim: an orc, wielding a +0 club and wearing a +0 chain mail The magic dart hits the orc.
You now have 13/23 mp.
Aim: an orc, wielding a +0 club and wearing a +0 chain mail (lightly wounded)
The spray of energy hits the orc!
You kill the orc!
Vehumet accepts your kill.
Your Fighting skill increases to level 2!
You now have 10/23 mp.
Aim: an orc warrior, wielding a +0 hand axe and wearing a +0 plate armour The spray of energy hits the orc warrior!
The orc warrior is dazzled.
The spray of energy hits the bush.
The spray of energy hits the bush but does no damage.
You now have 8/23 mp.
Aim: an orc warrior, wielding a +0 hand axe and wearing a +0 plate armour (moderately wounded, blind, hasn't noticed you)
The spray of energy hits the orc warrior.
The orc warrior is dazzled.
The spray of energy hits the bush.
The spray of energy hits the bush but does no damage.
You now have 5/23 mp.
Aim: an orc warrior, wielding a +0 hand axe and wearing a +0 plate armour (heavily wounded, blind)
The spray of energy hits the orc warrior.
The orc warrior is dazzled.
The orc warrior hits you but does no damage.
You now have 2/23 mp.
You don't have enough magic to cast that spell.
Aim: an orc warrior, wielding a +0 hand axe and wearing a +0 plate armour (severely wounded, blind, hasn't noticed you)
The magic dart hits the orc warrior but does no damage.
The orc warrior hits you with a +0 hand axe!
You take 8 damage, and have 30/47 hp.
You now have 1/23 mp.
Aim: an orc warrior, wielding a +0 hand axe and wearing a +0 plate armour (severely wounded, blind)
The magic dart hits the orc warrior but does no damage.
The orc warrior hits you with a +0 hand axe!
You take 12 damage, and have 18/47 hp.
MASSIVE DAMAGE!!
You now have 0/23 mp.
Aim: an orc warrior, wielding a +0 hand axe and wearing a +0 plate armour (severely wounded, blind)
The magic dart hits the orc warrior.
The orc warrior hits you with a +0 hand axe!
* * * LOW HITPOINT WARNING * * *
You take 12 damage, and have 7/47 hp.
MASSIVE DAMAGE!!
You now have 0/23 mp.
The orc warrior is no longer blind.
Aim: an orc warrior, wielding a +0 hand axe and wearing a +0 plate armour (heavily wounded)
The spray of energy hits the orc warrior!
The orc warrior is dazzled.
The orc warrior hits you with a +0 hand axe!
You die...

###### .....# ############ .....#
#..........# .....# #..........#
.....# #..........# .....#
#..........#
.....################..........##
...............o@................
####.################.####.######
#...########## #.# #.#
###..##......## #.# #.#
##..........## #.# #.# #
##..........# #># #.# ##
#).........# #.# ##.# ##.
########..........# #.# #..# #..
.......#..........# #.# #.## #..


You could see an orc warrior (blind).

Vanquished Creatures
  Pikel (D:6)
  Eustachio (D:5)
  2 orc warriors
  A sky beast (D:6)
  A phantom (D:5)
  3 slaves (D:6)
  A necrophage (D:7)
  An ice beast (D:7)
  6 ogres
  A centaur (D:6)
  3 bullfrogs
  2 scorpions
  3 wights (D:6)
  5 crimson imps
  A quasit (D:7)
  2 hounds
  5 orc priests
  Crazy Yiuf (D:3)
  8 orc wizards
  2 iguanas
  2 worker ants (D:5)
  3 gnolls (D:2)
  6 adders
  An ooze (D:2)
  2 adder skeletons
  An adder zombie (D:7)
  2 worms (D:3)
  2 dart slugs
  3 leopard geckos
  37 orcs
  5 ball pythons
  8 bats
  9 giant cockroaches
  9 goblins
  6 hobgoblins
  3 jackals (D:2)
  2 quokkas
  3 frilled lizards
  A jackal skeleton (D:4)
  6 kobolds
  A quokka skeleton (D:6)
  A quokka zombie (D:5)
  8 rats
  A fungus (D:3)
172 creatures vanquished.

Vanquished Creatures (others)
  An orc wizard (D:4)
  2 bushes (D:7)
3 creatures vanquished.

Grand Total: 175 creatures vanquished

Notes
Turn   | Place    | Note
-------+----------+-------------------------------------------
     0 | D:1      | richardnixon the Deep Elf Conjurer began the quest for the
                  | Orb.
     0 | D:1      | Reached XP level 1. HP: 10/10 MP: 6/6
   182 | D:1      | Reached XP level 2. HP: 15/15 MP: 5/8
   508 | D:1      | Reached skill level 5 in Conjurations
   712 | D:2      | Reached XP level 3. HP: 19/19 MP: 5/10
   854 | D:2      | Reached skill level 4 in Spellcasting
  1004 | D:2      | Reached XP level 4. HP: 24/24 MP: 1/12
  1091 | D:2      | Learned a level 3 spell: Dazzling Spray
  1096 | D:2      | Learned a level 4 spell: Iskenderun's Mystic Blast
  1250 | D:2      | Noticed an ogre
  1254 | D:2      | Killed an ogre
  1254 | D:2      | Reached skill level 2 in Hexes
  1254 | D:2      | Reached XP level 5. HP: 28/28 MP: 7/13
  1379 | D:2      | Reached skill level 6 in Conjurations
  1751 | D:3      | Reached skill level 3 in Hexes
  1933 | D:3      | Found a hazy altar of Hepliaklqana.
  2051 | D:3      | Reached skill level 5 in Spellcasting
  2298 | D:3      | Reached skill level 4 in Hexes
  2298 | D:3      | Reached XP level 6. HP: 32/32 MP: 6/15
  2933 | D:3      | Found a runed translucent door.
  2934 | D:3      | Noticed Crazy Yiuf
  2945 | D:3      | Killed Crazy Yiuf
  3151 | D:4      | Reached skill level 5 in Hexes
  3451 | D:4      | Reached XP level 7. HP: 27/36 MP: 9/17
  3551 | D:4      | Reached skill level 6 in Spellcasting
  3552 | D:4      | Reached skill level 6 in Hexes
  3757 | D:4      | HP: 4/36 [something/puff of flame (10)]
  3904 | D:4      | Found a staircase to the Ecumenical Temple.
  3910 | Temple   | Entered the Ecumenical Temple
  4036 | Temple   | Became a worshipper of Vehumet
  4148 | D:4      | Learned a level 2 spell: Swiftness
  4216 | D:5      | Entered Level 5 of the Dungeon
  4237 | D:5      | Noticed Eustachio
  4241 | D:5      | Killed Eustachio
  4241 | D:5      | Reached skill level 7 in Conjurations
  4241 | D:5      | Reached skill level 2 in Charms
  4549 | D:5      | Reached skill level 3 in Charms
  5108 | D:5      | Reached XP level 8. HP: 41/41 MP: 9/20
  5160 | D:5      | Reached skill level 7 in Spellcasting
  5160 | D:5      | Reached skill level 4 in Charms
  5220 | D:5      | Reached skill level 1 in Air Magic
  5871 | D:5      | Reached * piety under Vehumet
  5871 | D:5      | Offered knowledge of Freeze by Vehumet.
  6232 | D:6      | Reached skill level 2 in Air Magic
  6324 | D:6      | Found a glowing silver altar of Zin.
  6326 | D:6      | Found a shadowy altar of Dithmenos.
  6326 | D:6      | Found a stormy altar of Qazlal.
  6327 | D:6      | Found a sacrificial altar of Ru.
  6343 | D:6      | Reached skill level 8 in Spellcasting
  6343 | D:6      | Reached skill level 8 in Conjurations
  6594 | D:6      | Reached skill level 3 in Air Magic
  6641 | D:6      | Reached skill level 3 in Dodging
  6746 | D:6      | Reached skill level 4 in Dodging
  6829 | D:6      | Found Juluzeon's Book Shoppe.
  6920 | D:6      | Reached skill level 5 in Dodging
  6920 | D:6      | Reached XP level 9. HP: 45/45 MP: 11/23
  7060 | D:6      | Found Piac's Weapon Boutique.
  7159 | D:6      | Found a burning altar of Makhleb.
  7242 | D:6      | Noticed Pikel
  7428 | D:6      | Killed Pikel
  7428 | D:6      | Reached skill level 7 in Dodging
  8083 | D:7      | Reached skill level 8 in Dodging
  8146 | D:7      | Found a deep blue altar of Sif Muna.
  8146 | D:7      | Noticed Duvessa
  8146 | D:7      | Noticed Dowan
  8147 | D:7      | Found a basalt altar of Yredelemnul.
  8638 | D:7      | Found a radiant altar of Vehumet.
  8642 | D:7      | Found an opulent altar of Gozag.
  8726 | D:7      | HP: 6/44 [ogre/+0 giant club (14)]
  8727 | D:7      | Reached skill level 1 in Fighting
  9017 | D:7      | Found an ornate altar of the Wu Jian Council.
  9278 | D:7      | Reached skill level 2 in Fighting
  9288 | D:7      | HP: 7/47 [orc warrior/+0 hand axe (12)]
  9311 | D:7      | Slain by an orc warrior

Levels and vault maps discovered:
D:1:      dpeg_arrival_stone_temple_mockup, layout_rooms, serial_aquarium,
          aquarium_bridge_straight [aquarium_subvault_bridge,
          aquarium_subvault_wall, aquarium_subvault_bridge,
          aquarium_subvault_wall], aquarium_window_fake, aquarium_window_fake,
          aquarium_window_corner, aquarium_window_fake, aquarium_view_2c,
          aquarium_view_2c, aquarium_balcony_3b
D:2:      layout_rooms
D:3:      cheibrodos_old_hovel, layout_basic, lemuel_doored_altar,
          kennysheep_generic_room_13, uniq_crazy_yiuf_cottage
D:4:      layout_basic, lemuel_coloured_pillars_altar,
          minmay_temple_entry_proselytizer, minmay_a_box_with_orc_wizards_in_it
D:5:      layout_layer_cave, first_ration, minmay_circle_x, uniq_eustachio
D:6:      layout_basic, kennysheep_mini, grunt_temple_overflow_open,
          serial_shops, nicolae_shop_behind_doors, shop_statue,
          minmay_crystal_room, glass_columns_b, water_maze_lemuel, uniq_pikel
D:7:      layout_rooms, kennysheep_mini_moat, overflow_temple_1_default,
          nicolae_overflow_hidden_temple, minmay_hedge_maze,
          vehumet_altar_wand_db, uniq_duvessa
Temple:   nicolae_temple_figure_zero

Skill      XL: |  1  2  3  4  5  6  7  8  9 |
---------------+----------------------------+-----
Conjurations   | 5 6 7 8 |  8.3
Spellcasting   | 4 5 6 8 |  8.3
Hexes          | 2 4 5 6 |  6.5
Charms         | 3 4 |  4.5
Air Magic      | 3 |  3.0
Dodging        | 5 8 |  8.8
Fighting       | 2 |  2.0
Stealth        | |  2.4

Action                   |  1- 3 |  4- 6 |  7- 9 || total
-------------------------+-------+-------+-------++-------
Melee: Dagger            |       |    32 |    34 ||    66
 Cast: Magic Dart        |    65 |   123 |   218 ||   406
       Iskenderun's Myst |       |     7 |    25 ||    32
       Dazzling Spray    |       |     3 |    71 ||    74
  Use: Scroll            |       |       |    15 ||    15
       Potion            |       |       |     3 ||     3
 Stab: Invisible         |       |       |     1 ||     1
  Eat: Chunk             |       |     6 |    11 ||    17
       Ration            |       |     1 |     2 ||     3
Armor: Robe              |     1 |     3 |    15 ||    19
Dodge: Dodged            |     5 |    17 |    52 ||    74

Table legend:
 A = Non-vault XP
 B = Vault XP
 C = Vault XP percentage of total XP
 D = Non-vault monster count
 E = Vault monster count
 F = Vault count percentage of total count
                 A         B        C        D         E       F
            +---------+---------+-------+---------+---------+-------
      Total |    3172 |    1291 |  28.9 |     152 |      17 |  10.1
            +---------+---------+-------+---------+---------+-------
        D:1 |      30 |       0 |   0.0 |      18 |       0 |   0.0
        D:2 |     222 |       0 |   0.0 |      25 |       0 |   0.0
        D:3 |     228 |      49 |  17.7 |      34 |       4 |  10.5
        D:4 |     244 |     273 |  52.8 |      11 |       7 |  38.9
        D:5 |     526 |     375 |  41.6 |      24 |       4 |  14.3
        D:6 |    1051 |     593 |  36.1 |      20 |       1 |   4.8
        D:7 |     871 |       1 |   0.1 |      20 |       1 |   4.8
            +---------+---------+-------+---------+---------+-------

Levels and vault maps discovered:
D:1:      dpeg_arrival_stone_temple_mockup, layout_rooms, serial_aquarium,
          aquarium_bridge_straight [aquarium_subvault_bridge,
          aquarium_subvault_wall, aquarium_subvault_bridge,
          aquarium_subvault_wall], aquarium_window_fake, aquarium_window_fake,
          aquarium_window_corner, aquarium_window_fake, aquarium_view_2c,
          aquarium_view_2c, aquarium_balcony_3b
D:2:      layout_rooms
D:3:      cheibrodos_old_hovel, layout_basic, lemuel_doored_altar,
          kennysheep_generic_room_13, uniq_crazy_yiuf_cottage
D:4:      layout_basic, lemuel_coloured_pillars_altar,
          minmay_temple_entry_proselytizer, minmay_a_box_with_orc_wizards_in_it
D:5:      layout_layer_cave, first_ration, minmay_circle_x, uniq_eustachio
D:6:      layout_basic, kennysheep_mini, grunt_temple_overflow_open,
          serial_shops, nicolae_shop_behind_doors, shop_statue,
          minmay_crystal_room, glass_columns_b, water_maze_lemuel, uniq_pikel
D:7:      layout_rooms, kennysheep_mini_moat, overflow_temple_1_default,
          nicolae_overflow_hidden_temple, minmay_hedge_maze,
          vehumet_altar_wand_db, uniq_duvessa
Temple:   nicolae_temple_figure_zero

Table legend:
 A = Turns spent in this place as a percentage of turns spent in the entire game.
 B = Non-inter-level travel turns spent in this place as a percentage of non-inter-level travel turns spent in the entire game.
 C = Inter-level travel turns spent in this place as a percentage of turns spent in this place.
 D = Turns resting spent in this place as a percentage of non-inter-level travel turns spent in this place.
 E = Turns spent auto-exploring this place as a percentage of non-inter-level travel turns spent in this place.
 F = Non-inter-level travel turns spent in this place divided by the number of levels of this place that you've seen.
                   A       B       C       D       E      F
               +-------+-------+-------+-------+-------+----------------------
         Total | 100.0 | 100.0 |   3.9 |  50.7 |  35.0 | 1118.1
       Dungeon |  98.5 |  98.6 |   3.9 |  51.4 |  34.3 | 1259.6
        Temple |   1.5 |   1.4 |   7.2 |   0.0 |  83.6 | 128.0
               +-------+-------+-------+-------+-------+----------------------

Table legend:
 A = Kills in this place as a percentage of kills in entire the game.
 B = Kills by you in this place as a percentage of kills by you in the entire game.
 C = Kills by friends in this place as a percentage of kills by friends in the entire game.
 D = Other kills in this place as a percentage of other kills in the entire game.
 E = Experience gained in this place as a percentage of experience gained in the entire game.
 F = Experience gained in this place divided by the number of levels of this place that you have seen.
                   A       B       C       D       E      F
               +-------+-------+-------+-------+-------+----------------------
         Total | 100.0 | 100.0 |   N/A | 100.0 | 100.0 | 557.9
       Dungeon | 100.0 | 100.0 |   N/A | 100.0 | 100.0 | 637.6
               +-------+-------+-------+-------+-------+----------------------
